 Dungeon Crawl Stone Soup version 0.29-a0-559-g359e09b9d1 (webtiles) character file.

Game seed: 467917153978963452

16 xian the Slasher (level 2, -3/25 HPs)
             Began as a Draconian Gladiator on June 10, 2022.
             Slain by a gnoll
             ... wielding a +0 spear
              (5 damage)
             ... on level 2 of the Dungeon.
             The game lasted 00:01:45 (814 turns).

xian the Slasher (Draconian Gladiator)               Turns: 814, Time: 00:01:46

Health: -3/25      AC:  4    Str: 16    XL:     2   Next: 37%
Magic:  2/2        EV: 12    Int:  8    God:
Gold:   32         SH:  0    Dex: 12    Spells: 1/1 levels left

rFire   . . .      SeeInvis .   a - +0 long sword
rCold   . . .      Faith    .   (no shield)
rNeg    . . .      Spirit   .   (body armour unavailable)
rPois   .          Reflect  .   b - +0 hat
rElec   .          Harm     .   (no cloak)
rCorr   .          Rampage  .   (no gloves)
Will    .....                   (no boots)
Stlth   +.........              (no amulet)
HPRegen 0.08/turn               (no ring)
MPRegen 0.08/turn               (no ring)

@: no status effects
A: AC +4, unfitting armour, cold-blooded
a: no special abilities


You were on level 2 of the Dungeon.
You visited 1 branch of the dungeon, and saw 2 of its levels.

You collected 32 gold pieces.

Inventory:

Hand Weapons
 a - a +0 long sword (weapon)
Missiles
 c - 3 throwing nets
 d - a javelin
 h - 5 atropa-tipped darts (quivered)
Armour
 b - a +0 hat (worn)
Scrolls
 e - a scroll of identify
 f - a scroll of fog {unknown}
 i - a scroll of teleportation {unknown}
 k - a scroll of fear {unknown}
Potions
 g - a potion of curing
 j - a potion of heal wounds {unknown}


   Skills:
 + Level 2.5 Fighting
 + Level 3.3 Long Blades
 + Level 1.8 Throwing
 + Level 2.9 Dodging


You had one spell level left.
You didn't know any spells.
Your spell library was empty.

Dungeon Overview and Level Annotations

Branches:
Dungeon (2/15)

Altars:


Innate Abilities, Weirdness & Mutations

Your plain brown scales are hard. (AC +4)
You cannot fit into any form of body armour.
You are cold-blooded and may be slowed by cold attacks.


Message History

You completely miss the hobgoblin. The hobgoblin closely misses you.
You hit the hobgoblin.
The hobgoblin is heavily wounded.
The hobgoblin closely misses you.
You hit the hobgoblin.
You kill the hobgoblin!
k - a scroll labelled FAPLU UVAW NUSK Partly explored, can't reach some places.
There is an escape hatch in the floor here.
You slide downwards.
The hatch slams shut behind you.
The kobold shouts!
Found 12 gold pieces.
Found an escape hatch in the ceiling.
A gnoll comes into view. It is wielding a +0 spear.
Found a hunting sling.
The gnoll completely misses you. The gnoll barely misses you.
You slash the kobold!
You kill the kobold!
The gnoll hits you from afar with a +0 spear.
Found a book of Touch.
The gnoll completely misses you.
You see here a +0 dagger.
The gnoll hits you with a +0 spear.
You barely miss the gnoll. The gnoll hits you but does no damage.
You hit the gnoll but do no damage. The gnoll closely misses you.
You hit the gnoll.
The gnoll is heavily wounded.
The gnoll barely misses you. The gnoll hits you with a +0 spear.
You barely miss the gnoll.
The gnoll is heavily wounded.
The gnoll hits you with a +0 spear!
You barely miss the gnoll.
You tail-slap the gnoll, but do no damage.
The gnoll is heavily wounded.
The gnoll hits you with a +0 spear.
* * * LOW HITPOINT WARNING * * *
You hit the gnoll.
You tail-slap the gnoll, but do no damage.
The gnoll is almost dead.
The gnoll hits you with a +0 spear.
You die...

....#......
#...#......
#..........
#...$......
####..........
.............
#......<..:
#..)....)..
##.@........
#..g#.......
#......#....
#..##.## ...
#### .# .. .#
. ##


You could see a gnoll.

Vanquished Creatures
  A bat (D:1)
  An endoplasm (D:1)
  A giant cockroach (D:1)
  2 goblins (D:1)
  A hobgoblin (D:1)
  3 frilled lizards (D:1)
  5 kobolds
  A rat (D:1)
15 creatures vanquished.

Notes
Turn   | Place    | Note
-------+----------+-------------------------------------------
     0 | D:1      | xian the Draconian Gladiator began the quest for the Orb.
     0 | D:1      | Reached XP level 1. HP: 17/17 MP: 1/1
   222 | D:1      | Reached XP level 2. HP: 22/25 MP: 2/2
   540 | D:1      | Found a faded altar of an unknown god.
   814 | D:2      | Slain by a gnoll

Illustrated notes

Levels and vault maps discovered:
D:1:      onia_arrival_pyramid, layout_basic, shapermc_ecumenical_altar_petra
D:2:      layout_rooms

Action                   || total
-------------------------++-------
Melee: Long sword        ||    42
       Tailslap          ||     8
  Use: Scroll            ||     1
Armor: Skin              ||    16
Dodge: Dodged            ||    44

Table legend: (Time is in decaauts)
 A = Elapsed time spent in this place.
 B = Non-inter-level travel time spent in this place.
 C = Inter-level travel time spent in this place.
 D = Time resting spent in this place.
 E = Time spent auto-exploring this place.
 F = Levels seen in this place.
 G = Mean time per level.
                   A        B        C        D        E       F      G
               +--------+--------+--------+--------+--------+-----+--------+
         Total |    824 |    807 |     17 |      0 |    548 |   2 |  412.0 |
       Dungeon |    824 |    807 |     17 |      0 |    548 |   2 |  412.0 |
               +--------+--------+--------+--------+--------+-----+--------+

Top non-repeatable levels by time:
     D:1: 809 daAuts
     D:2: 15 daAuts
